Map: Tours du crépuscule

Players

Worming

  • Race: Zerg Zerg
  • League: Diamond

guGi - Winner!

  • Race: Zerg Zerg
  • League: Platinum

VOD

Have the link to the VOD?

Description

Time

  • Played on: Nov. 14, 2015, 2:10 p.m.
  • Length: 8:15
Show
View Real Time Build Order
Export as new Build Order

Worming Zerg 

Build Orders: Hatch First 

Get SALT Encoding   

  12  0:01  Drone  
  13  0:13  Overlord  
  13  0:21  Drone  
  14  0:32  Drone x2  
  16  0:37  Drone  
  17  0:53  Hatchery  
  17  0:55  Drone  
  17  1:01  Extractor  
  17  1:03  Drone  
  17  1:13  Spawning Pool  
  17  1:17  Drone  
  17  1:23  Drone  
  18  1:45  Drone  
  18  1:46  Overlord  
  19  2:00  Queen  
  21  2:01  Zergling x2  
  21  2:05  Metabolic Boost, Zergling x2  
  21  2:06  Drone  
  21  2:07  Queen  
  26  2:11  Drone  
  26  2:15  Drone  
  28  2:22  Drone  
  29  2:30  Baneling Nest  
  29  2:33  Drone  
  29  2:35  Drone  
  30  2:39  Queen  
  32  2:45  Overlord  
  32  2:55  Drone x3  
  34  3:11  Zergling x2  
  34  3:12  Zergling x10  
  40  3:20  Overlord  
  40  3:21  Zergling x4  
  42  3:32  Baneling x2  
  42  3:37  Drone x2  
  42  3:38  Overlord  
  44  3:51  Hatchery  
  37  4:11  Zergling x14  
  37  4:14  Lair  
  37  4:16  Evolution Chamber  
  43  4:31  Drone x4  
  47  4:36  Roach Warren  
  46  4:40  Drone x4  
  46  4:42  Drone  
  46  4:43  Zerg Missile Weapons Level 1  
  51  4:48  Baneling x4  
  51  4:55  Overlord  
  51  4:57  Zergling x2  
  54  5:00  Drone x3  
  55  5:12  Drone x4  
  55  5:13  Drone  
  60  5:16  Extractor  
  60  5:17  Glial Reconstitution, Extractor  
  60  5:19  Drone x2  
  60  5:20  Drone x2  
  60  5:21  Drone  
  63  5:23  Drone  
  64  5:29  Overlord x2  
  64  5:42  Overlord  
  64  5:43  Roach x2  
  64  5:49  Baneling  
  67  5:52  Roach x3  
  73  5:59  Extractor  
  73  6:00  Drone x3, Overlord x2  
  73  6:01  Overlord  
  73  6:02  Roach x3  
  81  6:22  Roach x7  
  95  6:26  Overseer  
  95  6:27  Overlord  
  95  6:28  Drone  
  87  7:00  Roach x3  
  87  7:01  Zergling x6, Roach x11  
  112  7:11  Hydralisk Den  
  112  7:13  Drone x3, Extractor x2  
  88  7:37  Drone x2  
  88  7:38  Infestation Pit, Drone x2  
  88  7:39  Drone x3  
  88  7:43  Hydralisk x3  
  100  7:47  Baneling x3  
  100  7:49  Drone x3  
  100  7:50  Drone x2  
  105  7:51  Drone x2  
  107  8:02  Spore Crawler  
  103  8:05  Spore Crawler  
  103  8:08  Spore Crawler  
Show
View Real Time Build Order
Export as new Build Order

guGi Zerg - Winner!

Build Orders: Hatch First 

Get SALT Encoding   

  12  0:01  Drone  
  13  0:13  Overlord  
  13  0:18  Drone  
  14  0:31  Drone x2  
  14  0:35  Drone  
  17  0:52  Hatchery  
  17  0:55  Drone  
  17  0:59  Drone  
  18  1:10  Extractor  
  17  1:14  Spawning Pool  
  17  1:17  Drone  
  17  1:20  Drone  
  18  1:30  Drone  
  19  1:39  Overlord  
  19  1:57  Drone  
  19  2:00  Queen  
  22  2:01  Zergling x2  
  22  2:05  Queen, Drone  
  26  2:10  Metabolic Boost  
  26  2:13  Drone  
  27  2:18  Drone  
  27  2:22  Drone  
  29  2:26  Drone  
  30  2:35  Zergling x2  
  31  2:39  Overlord  
  31  2:47  Baneling Nest, Zergling x2  
  31  2:50  Drone  
  32  3:00  Drone x2  
  34  3:07  Drone  
  35  3:16  Overlord  
  35  3:17  Drone  
  35  3:18  Drone x2  
  38  3:24  Hatchery  
  37  3:27  Zergling x6  
  37  3:28  Zergling x2  
  37  3:30  Zergling x2  
  37  3:34  Queen  
  41  3:38  Baneling x2  
  43  3:42  Zergling x6  
  43  4:04  Baneling  
  43  4:05  Baneling  
  43  4:06  Drone x2  
  43  4:07  Drone  
  45  4:13  Overlord  
  45  4:14  Drone x3  
  45  4:16  Lair  
  48  4:18  Extractor  
  48  4:19  Drone, Extractor x2  
  48  4:20  Drone x3  
  49  4:32  Overlord  
  49  4:33  Drone  
  50  4:39  Overlord  
  50  4:40  Overlord  
  50  4:47  Zergling x6  
  53  4:55  Overlord  
  53  5:01  Drone x3  
  53  5:03  Baneling  
  53  5:04  Baneling  
  53  5:06  Drone  
  57  5:09  Drone x3  
  60  5:19  Spire  
  59  5:21  Drone  
  59  5:23  Drone x2  
  59  5:24  Drone  
  59  5:25  Drone x3  
  59  5:27  Extractor  
  65  5:31  Zergling x6  
  65  5:32  Zergling x2  
  69  5:40  Overlord  
  69  5:45  Drone x4  
  69  5:46  Extractor  
  72  5:56  Drone  
  73  5:57  Overlord  
  72  6:28  Baneling x2  
  72  6:31  Mutalisk x12  
  95  6:36  Spine Crawler x2  
  95  6:37  Spine Crawler  
  90  6:52  Mutalisk x3  
  86  6:59  Drone x4  
  89  7:02  Queen  
  88  7:09  Drone  
  88  7:10  Drone x7  
  88  7:13  Overseer  
  88  7:14  Mutalisk x2  
  99  7:17  Drone x2  
  99  7:18  Drone  
  101  7:27  Mutalisk x2  
  105  7:32  Drone  
  105  7:33  Drone x2  
  108  7:44  Mutalisk x2  
  108  7:46  Overlord x2  
  108  7:47  Zergling x4  
  108  7:49  Overlord  
  114  7:56  Evolution Chamber  
  113  7:59  Evolution Chamber  
Tags
 
Add a new tag
Caveats
  • Supply blocks, unpowered buildings, or Contaminate may cause inaccurate times.
  • Supply counts are checked every 10 seconds.